 Dungeon Crawl Stone Soup version 0.28-a0-1616-g050a50673c (webtiles) character file.

Game seed: 17155303712521960246

688 croobank the Insei (level 7, -1/53 HPs)
             Began as a Gnoll Transmuter on Jan 23, 2022.
             Was an Initiate of Vehumet.
             Slain by Menkaure (12 damage)
             ... on level 4 of the Dungeon.
             The game lasted 00:20:57 (4439 turns).

croobank the Insei (Gnoll Transmuter)               Turns: 4439, Time: 00:20:58

Health: -1/53      AC:  5    Str:  9 (12) XL:     7   Next: 62%
Magic:  13/15      EV: 11    Int: 11 (12) God:    Vehumet [......]
Gold:   165        SH:  0    Dex:  9 (12) Spells: 5/17 levels left

rFire   . . .      SeeInvis .   a - +3 war axe
rCold   . . .      Faith    .   (no shield)
rNeg    . . .      Spirit   .   g - +0 ring mail
rPois   .          Reflect  .   (helmet currently unavailable)
rElec   .          Harm     .   (no cloak)
rCorr   .          Rampage  .   (no gloves)
Will    +....                   (boots currently unavailable)
Stlth   +.........              (no amulet)
HPRegen 0.17/turn               r - ring of willpower
MPRegen 0.14/turn               (no ring)

@: about to teleport, appendages, wereblooded
A: horns 2, talons 2, fangs 1, strong nose, distributed training
a: End Transformation, Renounce Religion


You were on level 4 of the Dungeon.
You worshipped Vehumet.
Vehumet was noncommittal.
You had temporarily grown beastly horns and talons.
You visited 2 branches of the dungeon, and saw 5 of its levels.

You collected 165 gold pieces.

Inventory:

Hand Weapons
 a - a +3 war axe (weapon)
 b - a +0 hunting sling
 e - a +0 halberd
 o - a +0 flail
Missiles
 h - 126 stones
 l - 73 arrows
 p - 22 sling bullets
 q - 5 silver boomerangs
Armour
 d - a +0 buckler
 g - a +0 ring mail (worn)
 n - a +0 robe
 t - a +1 helmet (melded)
Jewellery
 r - a ring of willpower (left hand)
 s - an amulet of faith
 x - a ring of willpower
Scrolls
 c - a scroll of vulnerability
 f - a scroll of fear
 j - 2 scrolls of teleportation
 m - a scroll of noise
 v - a scroll of silence {unknown}
 y - a scroll of blinking {unknown}
Potions
 w - a potion of ambrosia


   Skills:
 + Level 3.7 Fighting
 + Level 2.6 Short Blades
 + Level 2.6 Long Blades
 + Level 2.6 Axes
 + Level 2.6 Maces & Flails
 + Level 2.6 Polearms
 + Level 2.6 Staves
 + Level 2.6 Slings
 + Level 2.6 Bows
 + Level 2.6 Crossbows
 + Level 2.6 Throwing
 + Level 2.6 Armour
 + Level 5.3 Dodging
 + Level 2.6 Stealth
 + Level 2.6 Shields
 + Level 7.1 Unarmed Combat
 + Level 5.7 Spellcasting
 + Level 2.1 Conjurations
 + Level 2.1 Hexes
 + Level 2.1 Summonings
 + Level 2.1 Necromancy
 + Level 2.1 Translocations
 + Level 4.4 Transmutations
 + Level 2.1 Fire Magic
 + Level 2.1 Ice Magic
 + Level 2.1 Air Magic
 + Level 2.1 Earth Magic
 + Level 2.1 Poison Magic
 + Level 2.9 Invocations
 + Level 2.6 Evocations


You had 5 spell levels left.
You knew the following spells:

 Your Spells              Type           Power      Damage    Failure   Level
a - Beastly Appendage     Tmut           24%        N/A       9%          1
b - Wereblood             Tmut           12%        N/A       14%         2
c - Ensorcelled Hibernat  Hex/Ice        14%        N/A       34%         2
d - Swiftness             Air            7%         N/A       56%         3
e - Cause Fear            Hex            3%         N/A       92%         4

Your spell library contained the following spells:

 Spells                   Type           Power      Damage    Failure   Level
 Animate Skeleton         Necr           14%        N/A       22%         1
 Pain                     Necr           28%        1d5       22%         1
 Passwall                 Tmut/Erth      8%         N/A       22%         2
 Corpse Rot               Necr/Air       14%        N/A       34%         2
 Spider Form              Tmut/Pois      10%        N/A       38%         3
 Inner Flame              Hex/Fire       7%         N/A       56%         3
 Vampiric Draining        Necr           7%         2d6       56%         3
 Ice Form                 Ice/Tmut       10%        N/A       80%         4
 Dispel Undead            Necr           7%         3d8       92%         4
 Death Channel            Necr           3%         N/A       100%        6
 Discord                  Hex            3%         N/A       100%        8


Dungeon Overview and Level Annotations

Branches:
Dungeon (4/15)             Temple (1/1) D:4

Altars:
Ashenzari
Cheibriados
Dithmenos
Elyvilon
Kikubaaqudgha
Makhleb
Nemelex Xobeh
Qazlal
Ru
Sif Muna
Trog
Uskayaw
Vehumet
Wu Jian
Xom
Yredelemnul
Zin
The Shining One

Annotations:
D:3 2 runed translucent doors, grumblor's ghost, amateur OpBr
D:4 Menkaure


Innate Abilities, Weirdness & Mutations

You have temporarily grown beastly horns and talons.
You have very sharp teeth.
Your uncanny sense of smell can sniff out nearby items.
Your experience applies equally to all skills.


Message History

Menkaure seems to speed up.
An adder skeleton comes into view.
The adder skeleton moves out of view.
There is a stone staircase leading down here.
It was a potion of degeneration.
There was something very wrong with that liquid.
You feel weakened.
You feel dopey.
You feel clumsy.
Casting: Beastly Appendage (safe; 9% risk of failure)
Confirm with . or Enter, or press ? or * to list all spells.
You grow a pair of large bovine horns.
Your feet morph into talons.
Your +1 helmet melds into your body.
Casting: Beastly Appendage (safe; 9% risk of failure)
Confirm with . or Enter, or press ? or * to list all spells.
Your blood is infused with primal strength.
Okay, then.
Okay, then.
You hit Menkaure. You claw Menkaure. Your headbutt misses Menkaure.
Menkaure is moderately damaged.
Menkaure closely misses you. Menkaure barely misses you.
You hit Menkaure. Your kick misses Menkaure.
Menkaure is heavily damaged.
Menkaure casts a spell at you. You resist with some effort. Menkaure hits you!!
You hit Menkaure. You claw Menkaure, but do no damage.
Menkaure is severely damaged.
Menkaure hits you!
You hit Menkaure.
Menkaure is severely damaged.
Menkaure hits you!
* * * LOW HITPOINT WARNING * * *
Menkaure hits you.
* * * LOW HITPOINT WARNING * * *
Casting: Wereblood (safe; 14% risk of failure)
Confirm with . or Enter, or press ? or * to list all spells.
Okay, then.
You can't see any enemies this would affect, really read the scroll of fear?
Okay, then.
As you read the scroll of teleportation, it crumbles to dust.
You feel strangely unstable. Menkaure hits you!
You die...

..#...# .. ###...# M...
###...# #####..... ......#
##......... .##...#
##.>........ ###...#
#..#####.... ###...## ###.##
... ##.....## ##..M# .
........#####...@##
......#....##.....##
......####.........##
...........##.......# ######
..##................##.....#
...##......(........##.....#
.#..#......................#
..................).##.....#
.....................#.....#


You could see Menkaure (fast).

Vanquished Creatures
  Grinder (D:4)
  A black bear (D:2)
  An ogre (D:4)
  An orc priest (D:3)
  A centaur skeleton (D:4)
  An iguana (D:4)
  Terence (D:3)
  7 adders
  4 gnolls (D:2)
  An ufetubus (D:4)
  4 worms
  11 orcs
  7 ball pythons
  3 bats
  6 endoplasms
  A giant cockroach (D:4)
  8 goblins
  4 hobgoblins
  2 jackals (D:1)
  4 quokkas
  2 frilled lizards
  9 kobolds
  3 rats
83 creatures vanquished.

Vanquished Creatures (others)
  5 plants (D:3)
5 creatures vanquished.

Grand Total: 88 creatures vanquished

Notes
Turn   | Place    | Note
-------+----------+-------------------------------------------
     0 | D:1      | croobank the Gnoll Transmuter began the quest for the Orb.
     0 | D:1      | Reached XP level 1. HP: 17/17 MP: 6/6
    96 | D:1      | Reached XP level 2. HP: 18/23 MP: 7/7
   103 | D:1      | Learned a level 2 spell: Wereblood
   642 | D:2      | Reached skill level 5 in Spellcasting
   642 | D:2      | Reached XP level 3. HP: 23/28 MP: 4/9
   646 | D:2      | Reached skill level 1 in Invocations
   649 | D:2      | Reached skill level 1 in Short Blades
   649 | D:2      | Reached skill level 1 in Long Blades
   649 | D:2      | Reached skill level 1 in Axes
   649 | D:2      | Reached skill level 1 in Maces & Flails
   649 | D:2      | Reached skill level 1 in Polearms
   649 | D:2      | Reached skill level 1 in Staves
   649 | D:2      | Reached skill level 1 in Slings
   649 | D:2      | Reached skill level 1 in Bows
   649 | D:2      | Reached skill level 1 in Crossbows
   649 | D:2      | Reached skill level 1 in Throwing
   649 | D:2      | Reached skill level 1 in Armour
   649 | D:2      | Reached skill level 1 in Stealth
   649 | D:2      | Reached skill level 1 in Shields
   649 | D:2      | Reached skill level 1 in Evocations
   653 | D:2      | Reached XP level 4. HP: 25/34 MP: 6/11
   950 | D:2      | Noticed a black bear
   957 | D:2      | Killed a black bear
   958 | D:2      | Reached skill level 1 in Conjurations
   958 | D:2      | Reached skill level 1 in Hexes
   958 | D:2      | Reached skill level 1 in Summonings
   958 | D:2      | Reached skill level 1 in Necromancy
   958 | D:2      | Reached skill level 1 in Translocations
   958 | D:2      | Reached skill level 1 in Fire Magic
   958 | D:2      | Reached skill level 1 in Ice Magic
   958 | D:2      | Reached skill level 1 in Air Magic
   958 | D:2      | Reached skill level 1 in Earth Magic
   958 | D:2      | Reached skill level 1 in Poison Magic
   958 | D:2      | Reached XP level 5. HP: 29/40 MP: 8/12
  1329 | D:2      | Found a faded altar of an unknown god.
  1344 | D:2      | HP: 2/41 [frozen (4)]
  2466 | D:3      | Reached XP level 6. HP: 10/47 MP: 11/13
  3148 | D:3      | Noticed Terence
  3157 | D:3      | Killed Terence
  3171 | D:2      | Reached skill level 5 in Dodging
  3363 | D:3      | Found a runed translucent door.
  3399 | D:3      | Found a runed translucent door.
  3401 | D:3      | Noticed grumblor's ghost (amateur OpBr)
  3579 | D:3      | You fall into a shaft and drop 1 floor!
  3594 | D:4      | Reached XP level 7. HP: 42/52 MP: 15/15
  3755 | D:4      | Learned a level 2 spell: Ensorcelled Hibernation
  3759 | D:4      | Learned a level 3 spell: Swiftness
  3764 | D:4      | Learned a level 4 spell: Cause Fear
  3815 | D:4      | Noticed Grinder
  3831 | D:4      | Paralysed by Grinder for 3 turns
  3838 | D:4      | Killed Grinder
  3839 | D:4      | Reached skill level 7 in Unarmed Combat
  4072 | D:4      | Found a staircase to the Ecumenical Temple.
  4094 | Temple   | Entered the Ecumenical Temple
  4306 | Temple   | Became a worshipper of Vehumet
  4424 | D:4      | Noticed Menkaure
  4439 | D:4      | Slain by Menkaure

Illustrated notes

Levels and vault maps discovered:
D:1:      amcnicky_arrival_feature_with_door, layout_rooms
D:2:      minmay_evil_eye, layout_basic, ebering_ecumenical_altar_box,
          minivault_23, minmay_pentomino_p4
D:3:      kb_forest_paths, layout_loops_ring, ebering_ghost_sewer_f,
          serial_bayou_crossing, uniq_terence, uniq_sigmund
D:4:      layout_rooms, minmay_temple_entry_butterflies, uniq_menkaure,
          uniq_grinder
Temple:   mainiacjoe_temple_hex_bubbles

Skill      XL: |  1  2  3  4  5  6  7 |
---------------+----------------------+-----
Spellcasting   | 5 |  5.7
Invocations    | 1 2 |  2.9
Short Blades   | 1 2 |  2.6
Long Blades    | 1 2 |  2.6
Axes           | 1 2 |  2.6
Maces & Flails | 1 2 |  2.6
Polearms       | 1 2 |  2.6
Staves         | 1 2 |  2.6
Slings         | 1 2 |  2.6
Bows           | 1 2 |  2.6
Crossbows      | 1 2 |  2.6
Throwing       | 1 2 |  2.6
Armour         | 1 2 |  2.6
Stealth        | 1 2 |  2.6
Shields        | 1 2 |  2.6
Evocations     | 1 2 |  2.6
Conjurations   | 1 2 |  2.1
Hexes          | 1 2 |  2.1
Summonings     | 1 2 |  2.1
Necromancy     | 1 2 |  2.1
Translocations | 1 2 |  2.1
Fire Magic     | 1 2 |  2.1
Ice Magic      | 1 2 |  2.1
Air Magic      | 1 2 |  2.1
Earth Magic    | 1 2 |  2.1
Poison Magic   | 1 2 |  2.1
Fighting       | 3 |  3.7
Transmutations | 4 |  4.4
Dodging        | 5 |  5.3
Unarmed Combat | 7 |  7.1

Action                   |  1- 3 |  4- 6 |  7- 9 || total
-------------------------+-------+-------+-------++-------
Melee: Unarmed           |    41 |       |       ||    41
       Kick              |    10 |    19 |     8 ||    37
       Headbutt          |     9 |    23 |     3 ||    35
       Punch             |     2 |       |       ||     2
       Bite              |     2 |    13 |     1 ||    16
       Halberd           |       |   165 |    28 ||   193
       War axe           |       |       |     7 ||     7
 Cast: Beastly Appendage |    14 |    26 |     7 ||    47
       Wereblood         |     3 |     2 |     2 ||     7
  Use: Potion            |       |     6 |     1 ||     7
       Scroll            |       |       |    11 ||    11
Armor: Robe              |     4 |       |       ||     4
       Ring mail         |     2 |    81 |     6 ||    89
Dodge: Dodged            |    21 |   155 |    23 ||   199

Table legend: (Time is in decaauts)
 A = Elapsed time spent in this place.
 B = Non-inter-level travel time spent in this place.
 C = Inter-level travel time spent in this place.
 D = Time resting spent in this place.
 E = Time spent auto-exploring this place.
 F = Levels seen in this place.
 G = Mean time per level.
                   A        B        C        D        E       F      G
               +--------+--------+--------+--------+--------+-----+--------+
         Total |   4505 |   4364 |    141 |    870 |   2354 |   5 |  901.0 |
       Dungeon |   4263 |   4152 |    111 |    870 |   2148 |   4 | 1065.8 |
        Temple |    242 |    212 |     30 |      0 |    206 |   1 |  242.0 |
               +--------+--------+--------+--------+--------+-----+--------+

Top non-repeatable levels by time:
     D:2: 1428 daAuts
     D:3: 1197 daAuts
     D:1: 1003 daAuts
     D:4: 634 daAuts
  Temple: 242 daAuts
